 Dungeon Crawl Stone Soup version 0.29-a0-275-g389c0b56f3 (webtiles) character file.

Game seed: 2922282581295691977

4 epen the Chiller (level 1, -2/15 HPs)
             Began as a Naga Ice Elementalist on Mar 11, 2022.
             Slain by a kobold
             ... wielding a +0 short sword
              (3 damage)
             ... on level 1 of the Dungeon.
             The game lasted 00:00:35 (150 turns).

epen the Chiller (Naga Ice Elementalist)             Turns: 150, Time: 00:00:36

Health: -2/15      AC:  2    Str: 10    XL:     1   Next: 60%
Magic:  0/3        EV:  9    Int: 15    God:
Gold:   15         SH:  0    Dex: 11    Spells: 3/4 levels left

rFire   . . .      SeeInvis +   g - +1 dagger
rCold   . . .      Faith    .   (no shield)
rNeg    . . .      Spirit   .   a - +1 robe
rPois   +          Reflect  .   (no helmet)
rElec   .          Harm     .   (no cloak)
rCorr   .          Rampage  .   (no gloves)
Will    .....                   (no barding)
Stlth   ++........              (no amulet)
HPRegen 0.05/turn               (no ring)
MPRegen 0.08/turn               (no ring)

@: brilliant, weak-willed, very slow
A: AC +0, large, see invisible, deformed body, poison resistance, slowness 2,
spit poison 1, naga tail 1
a: Spit Poison


You were on level 1 of the Dungeon.
You visited 1 branch of the dungeon, and saw 1 of its levels.

You collected 15 gold pieces.

Inventory:

Hand Weapons
 g - a +1 dagger (weapon)
Armour
 a - a +1 robe (worn)
Potions
 b - a potion of magic


   Skills:
 + Level 1.6 Dodging
 + Level 3.2 Stealth
 + Level 2.0 Spellcasting
 + Level 4.0 Ice Magic


You had 3 spell levels left.
You knew the following spells:

 Your Spells              Type           Power      Damage    Failure   Level
a - Freeze                Ice            80%        1d9       4%          1

Your spell library contained the following spells:

 Spells                   Type           Power      Damage    Failure   Level
 Frozen Ramparts          Ice            40%        1d6       12%         3
 Ozocubu's Armour         Ice            20%        N/A       12%         3
 Hailstorm                Conj/Ice       11%        3d5       67%         4


Dungeon Overview and Level Annotations

Branches:
Dungeon (1/15)

Altars:


Innate Abilities, Weirdness & Mutations

Your serpentine skin is tough. (AC +0)
You have supernaturally acute eyesight. (SInv)
Armour fits poorly on your strangely shaped body.
Your system is resistant to poisons. (rPois)
You cover ground very slowly.
You can spit poison.
You have a snake-like lower body.


Message History

The ball python bites you.
You closely miss the ball python.
You punch the ball python, but do no damage.
You have got your breath back.
The ball python bites you.
You closely miss the ball python. The ball python barely misses you.
The ball python bites you.
* * * LOW HITPOINT WARNING * * *
You hit the ball python.
The ball python is severely wounded.
The ball python misses you.
You hit the ball python.
You kill the ball python!
The bat hits you.
* * * LOW HITPOINT WARNING * * *
It was a potion of brilliance.
You feel clever all of a sudden. The bat hits you.
* * * LOW HITPOINT WARNING * * *
The bat barely misses you.
As you read the scroll labelled ENUCRO DEST, it crumbles to dust.
Magic quickly surges around you.
It was a scroll of vulnerability.
The bat hits you but does no damage.
As you read the scroll labelled XOIKED SIES, it crumbles to dust.
It is a scroll of enchant weapon.
Your +0 dagger glows red for a moment.
As you read the scroll labelled MURGHU LAACZYUN, it crumbles to dust.
It is a scroll of enchant armour.
Your +0 robe glows green for a moment.
The kobold hits you with a +0 short sword.
* * * LOW HITPOINT WARNING * * *
Casting: Freeze (safe; 4% risk of failure)
Confirm with . or Enter, or press ? or * to list all spells.
Aiming: Freeze (safe; 4% risk of failure)
Press: ? - help, Shift-Dir - straight line, f - kobold
Aim: a kobold, wielding a +0 short sword and quivering stones (weak-willed)
You feel a surge of power!
You freeze the kobold.
The kobold is severely wounded.
The kobold hits you with a +0 short sword.
You die...

........## ## ###......# ...
#....#.# .... #....#.#
.....###### #......###
....).....# ######.......
..........# #......>.....
.........b######.######.....
.........rK@........# #.....
..........######....###.....
..........##............†.).
..........##.#.########.....
.....#######.#...# #.....
..... #.###.# #....# ##. #.
#.# #....# #. #.# #.#### #.
#.######.# #


You could see a bat (weak-willed), a kobold (weak-willed) and a rat
(weak-willed).

Vanquished Creatures
  2 ball pythons (D:1)
  A bat (D:1)
  2 frilled lizards (D:1)
  A rat (D:1)
6 creatures vanquished.

Notes
Turn   | Place    | Note
-------+----------+-------------------------------------------
     0 | D:1      | epen the Naga Ice Elementalist began the quest for the Orb.
     0 | D:1      | Reached XP level 1. HP: 15/15 MP: 3/3
    86 | D:1      | Found a faded altar of an unknown god.
   150 | D:1      | Slain by a kobold

Illustrated notes

Levels and vault maps discovered:
D:1:      evilmike_arrival_rings, layout_basic,
          hellmonk_ecumenical_altar_leap_of_faith

Action                   || total
-------------------------++-------
Melee: Dagger            ||     6
       Unarmed           ||     2
       Punch             ||     1
 Cast: Freeze            ||     6
 Abil: Spit Poison       ||     1
  Use: Scroll            ||     3
       Potion            ||     1
Armor: Robe              ||     1
Dodge: Dodged            ||     8

Table legend: (Time is in decaauts)
 A = Elapsed time spent in this place.
 B = Non-inter-level travel time spent in this place.
 C = Inter-level travel time spent in this place.
 D = Time resting spent in this place.
 E = Time spent auto-exploring this place.
 F = Levels seen in this place.
 G = Mean time per level.
                   A        B        C        D        E       F      G
               +--------+--------+--------+--------+--------+-----+--------+
         Total |    189 |    189 |      0 |      0 |    132 |   1 |  189.0 |
       Dungeon |    189 |    189 |      0 |      0 |    132 |   1 |  189.0 |
               +--------+--------+--------+--------+--------+-----+--------+

Top non-repeatable levels by time:
     D:1: 189 daAuts
